 Dungeon Crawl Stone Soup version 0.30-b1-2-g02819fbbbe (webtiles) character file.

Game seed: 483527749215854537

26558 Chwanzi the Basher (level 12, -26/175 HPs)
             Began as a Minotaur Berserker on July 5, 2023.
             Was a High Priest of Trog.
             Killed from afar by a shock serpent (32 damage)
             ... with a bolt of electricity
             ... on level 1 of the Snake Pit on July 20, 2023.
             The game lasted 01:52:18 (17174 turns).

Chwanzi the Basher (Minotaur Berserker)            Turns: 17174, Time: 01:52:18

Health: -26/175    AC: 30    Str: 27    XL:     12   Next: 99%
Magic:  0/11       EV: 13    Int:  4    God:    Trog [*****.]
Gold:   879        SH: 13    Dex: 10    Spells: 11/11 levels left

rFire   . . .        F - +5 trident
rCold   . . .        B - +2 kite shield {AC+3}
rNeg    . . .        r - +0 plate armour
rPois   .            (helmet restricted)
rElec   .            v - +2 cloak
rCorr   .            (no gloves)
SInv    .            l - +0 pair of boots
Will    +....        q - amulet of guardian spirit Stlth
                     s - +5 ring of evasion
HPRegen 0.49/turn    G - +4 ring of protection
MPRegen 0.12/turn

%: guardian spirit
@: berserking (expiring), very quick
A: horns 2, retaliatory headbutt, iridescent scales 1, strong-willed 1
a: Renounce Religion, Berserk, Trog's Hand, Brothers in Arms


You were on level 1 of the Snake Pit.
You worshipped Trog.
Trog was extremely pleased with you.
You visited 4 branches of the dungeon, and saw 15 of its levels.
You also visited: Bailey.

You collected 1093 gold pieces.
You spent 214 gold pieces at shops.

Inventory:

Hand Weapons
 a - a +1 mace of draining
 n - a +0 sling
 F - a +5 trident (weapon)
 H - a +2 hand axe of freezing
 I - a +2 glaive
 K - a +0 short sword of venom
 M - a +4 flail
 N - a +1 trident
Missiles
 d - 8 boomerangs (quivered)
 f - 79 stones
Armour
 l - a +0 pair of boots (worn)
 r - a +0 plate armour (worn)
 v - a +2 cloak (worn)
 z - the +1 plate armour of Circular Logic {Harm *Corrode Will+}
   (You found it in a bailey)

   *Corrode:  It may corrode you when you take damage.
   Harm:      It increases damage dealt and taken.
   Will:      It increases your willpower.
 B - a +2 kite shield of protection (worn)
Jewellery
 b - a ring of ice
 q - an amulet of guardian spirit (around neck)
 s - a +5 ring of evasion (left hand)
 x - a ring of magical power
 A - a ring of see invisible
 G - a +4 ring of protection (right hand)
Scrolls
 c - 3 scrolls of enchant weapon
 e - a scroll of blinking
 g - 2 scrolls of noise
 i - 3 scrolls of vulnerability
 j - 3 scrolls of fear
 k - 8 scrolls of teleportation
 o - 10 scrolls of identify
 p - 2 scrolls of fog
 u - 3 scrolls of immolation {unknown}
 y - a scroll of brand weapon
 D - a scroll of torment {unknown}
 E - a scroll of acquirement {unknown}
 J - a scroll of enchant armour
Potions
 h - 2 potions of might
 m - a potion of degeneration
 t - 2 potions of attraction
 w - a potion of haste
 C - 2 potions of heal wounds
 L - a potion of magic {unknown}


   Skills:
 - Level 14.0 Fighting
 - Level 14.0 Maces & Flails
 * Level 2.5 Polearms
 - Level 13.8 Armour
 - Level 2.4 Dodging
 - Level 11.7 Shields


You had 11 spell levels left.
You didn't know any spells.
Your spell library contained the following spells:

 Spells                   Type           Power      Damage    Failure   Level
 Freeze                   Ice            0%         1d3       99%         1
 Frozen Ramparts          Ice            0%         1d1       100%        3
 Hailstorm                Conj/Ice       0%         3d3       100%        3
 Animate Dead             Necr           0%         N/A       100%        4
 Borgnjor's Vile Clutch   Necr/Erth      0%         N/A       100%        5
 Death Channel            Necr           0%         N/A       100%        6


Dungeon Overview and Level Annotations

Branches:
Dungeon (10/15)            Temple (1/1) D:5            Lair (3/5) D:10
  Swamp (0/4) Lair:3        Snake (1/4) Lair:3       Bailey (visited)
    Orc: D:9-12

Altars:
Ashenzari
Dithmenos
Elyvilon
Fedhas
Gozag
Hepliaklqana
Kikubaaqudgha
Makhleb
Nemelex Xobeh
Okawaru
Qazlal
Ru
Sif Muna
Trog
Uskayaw
Vehumet
Wu Jian
Xom
Yredelemnul
Zin
The Shining One

Shops:
D:2 [[[   D:4 ?   D:7 [*?*(   D:8 (

Portals:
Trove: D:10 (give demon blade "Leech")

Annotations:
Lair:2 exclusion: oklob plant


Innate Abilities, Weirdness & Mutations

You have a pair of horns on your head.
You reflexively headbutt those who attack you in melee.
You are partially covered in iridescent scales. (AC +2)
You are strong-willed. (Will+)


Message History

The naga spits poison at you. The splash of poison misses you.
The naga constricts you.
The shock serpent completely misses you.
The naga hits you with a +0 war axe! The naga constricts you.
The shock serpent shoots out a bolt of lightning at you!
The bolt of electricity hits you!!
A red film seems to cover your vision as you go berserk!
You feel yourself moving faster!
You feel mighty! You block the shock serpent's attack.
The naga hits you but does no damage. The naga constricts you.
You puncture the shock serpent!
The shock serpent is moderately wounded.
The shock serpent's electric aura discharges, shocking you!
The shock serpent shoots out a bolt of lightning at you!
The bolt of electricity hits you!!
* * * LOW HITPOINT WARNING * * *
You puncture the shock serpent! Your headbutt misses the shock serpent.
The shock serpent is heavily wounded.
The shock serpent barely misses you. The naga hits you with a +0 war axe.
The naga constricts you.
Okay, then.
You escape the naga's grasp.
The shock serpent shoots out a bolt of lightning at you!
The bolt of electricity misses you. The bolt of electricity hits you!!
* * * LOW HITPOINT WARNING * * *
You feel a strong urge to attack something.
You miss the shock serpent.
The shock serpent is moderately wounded.
The shock serpent completely misses you.
You hit the shock serpent. Your headbutt misses the shock serpent.
The shock serpent is heavily wounded.
The shock serpent barely misses you. The shock serpent bites you.
* * * LOW HITPOINT WARNING * * *
The shock serpent shocks you!
* * * LOW HITPOINT WARNING * * *
You puncture the shock serpent! Your headbutt misses the shock serpent.
The shock serpent is severely wounded.
The shock serpent shoots out a bolt of lightning at you!
The bolt of electricity hits you!!
You die...

.# ##.........#...
.#####...........#.# #
..÷..............#.# ..
..))###......)...#.##.#
.##.###..........#... .
.....##..........#.# #.... ..(.
...#.###...........# #.... #....
...#..###......NS..###.... .....
................@#........# .....
...###......#.......##....# ....#
...........######.........##.....
...####....# #>.###...........
...####....# ##..# #...........
##.........# #...# #...........
#.....^#..### #.#)# ##..........
#......#....###)#.###)..........
#......#..#....))÷.........##...


You could see a shock serpent and a naga.

Vanquished Creatures
  2 two-headed ogres
  A ghost crab (Lair:3)
  An anaconda (Lair:3)
  A naga warrior (Snake:1)
  2 naga sharpshooters (Snake:1)
  Sonja (Lair:3)
  2 mana vipers (Snake:1)
  2 salamanders (Snake:1)
  8 elephants
  Joseph (Lair:1)
  10 black mambas
  A guardian serpent (Lair:3)
  7 cane toads
  A rime drake (Lair:3)
  2 guardian mummies (D:10)
  3 polar bears
  17 blink frogs
  A slime creature (Lair:1)
  2 wyverns
  6 yaks (Lair:3)
  2 basilisks
  A steam dragon (Lair:1)
  8 nagas (Snake:1)
  7 water moccasins
  A spectral polar bear (Lair:3)
  8 orc warriors
  An ice beast (D:8)
  2 black bears
  A centaur (D:10)
  A spectral rime drake (Lair:3)
  3 wolves (Lair:2)
  A phantom (D:4)
  9 bullfrogs
  4 scorpions
  11 howler monkeys
  3 hounds
  13 jellies
  3 orc priests
  2 iguanas (D:5)
  A sleepcap (D:4)
  3 orc wizards
  5 hell rats (Lair:3)
  6 gnolls
  10 adders
  4 white imps
  3 ufetubi
  A worm (D:4)
  3 dart slugs
  22 orcs
  4 ball pythons
  19 endoplasms
  2 giant cockroaches (D:1)
  10 goblins
  12 hobgoblins
  12 jackals
  10 kobolds
  8 bats
  3 frilled lizards
  18 rats
308 creatures vanquished.

Vanquished Creatures (others)
  16 fungi
  10 plants
26 creatures vanquished.

Grand Total: 334 creatures vanquished

Notes
Turn   | Place    | Note
-------+----------+-------------------------------------------
     0 | D:1      | Chwanzi the Minotaur Berserker began the quest for the Orb.
     0 | D:1      | Reached XP level 1. HP: 19/19 MP: 0/0
    51 | D:1      | You fall into a shaft and drop 1 floor!
   131 | D:1      | Reached XP level 2. HP: 17/27 MP: 1/1
   468 | D:1      | Reached ** piety under Trog
   469 | D:1      | Reached XP level 3. HP: 33/33 MP: 2/2
   559 | D:1      | Found a faded altar of an unknown god.
   576 | D:1      | Reached skill level 5 in Maces & Flails
  1199 | D:2      | Found Kajenk's Antique Armour Shoppe.
  1229 | D:2      | Reached XP level 4. HP: 40/40 MP: 3/3
  1417 | D:2      | Found Dyrchiahe's Antique Armour Emporium.
  1557 | D:2      | Found Epsuer's Antique Armour Boutique.
  2317 | D:3      | Reached XP level 5. HP: 45/46 MP: 4/4
  2437 | D:3      | Reached *** piety under Trog
  3310 | D:4      | Found a hide-covered altar of Uskayaw.
  3346 | D:4      | Noticed a phantom
  3355 | D:4      | Killed a phantom
  3356 | D:4      | Reached XP level 6. HP: 52/52 MP: 5/5
  3581 | D:4      | Found Moshraaf's Magic Scroll Shoppe.
  3627 | D:4      | Found a white marble altar of Elyvilon.
  3881 | D:5      | Entered Level 5 of the Dungeon
  3945 | D:5      | Reached XP level 7. HP: 55/58 MP: 6/6
  3983 | D:4      | Reached skill level 10 in Maces & Flails
  4163 | D:5      | Found a staircase to the Ecumenical Temple.
  4615 | Temple   | Entered the Ecumenical Temple
  5511 | D:6      | Reached XP level 8. HP: 63/66 MP: 7/7
  5840 | D:7      | Found Buekust's Assorted Antiques.
  6206 | D:7      | Found Cin Ajou's Weapon Emporium.
  6227 | D:7      | Found Unuodwekh's Magic Scroll Boutique.
  6333 | D:7      | Found Wuanky's Armour Emporium.
  6353 | D:7      | Bought a +2 cloak for 214 gold pieces
  6383 | D:7      | Found Dopn's General Store.
  7315 | D:8      | Found Agging Ywao's Antique Weapon Shoppe.
 10233 | D:8      | Gained mutation: You are strong-willed. (Will+) [potion of
                  | mutation]
 10233 | D:8      | Gained mutation: You are partially covered in iridescent
                  | scales. (AC +2) [potion of mutation]
 11128 | D:9      | Reached XP level 9. HP: 65/72 MP: 8/8
 11188 | D:9      | Noticed a two-headed ogre
 11216 | D:9      | Killed a two-headed ogre
 11217 | D:9      | Reached skill level 5 in Armour
 11359 | D:9      | Found a flagged portal.
 11382 | Bailey   | Entered a bailey
 11811 | Bailey   | Identified the +1 plate armour of Circular Logic {Harm
                  | *Corrode Will+}
 11973 | D:9      | Reached **** piety under Trog
 12342 | D:10     | Entered Level 10 of the Dungeon
 12355 | D:10     | Noticed a two-headed ogre
 12374 | D:10     | Killed a two-headed ogre
 12375 | D:10     | Reached XP level 10. HP: 90/90 MP: 9/9
 12494 | D:10     | Found a burning altar of Makhleb.
 12578 | D:10     | Found a portal to a secret trove of treasure.
 12644 | D:10     | Found a staircase to the Lair.
 12650 | Lair:1   | Entered Level 1 of the Lair of Beasts
 12651 | Lair:1   | Noticed a cane toad
 12658 | Lair:1   | Killed a cane toad
 12696 | Lair:1   | Noticed an elephant
 12699 | Lair:1   | Noticed an elephant
 12704 | Lair:1   | Noticed an elephant
 12707 | Lair:1   | Killed an elephant
 12717 | D:10     | Killed an elephant
 12764 | Lair:1   | Killed an elephant
 12765 | Lair:1   | Reached skill level 5 in Shields
 12826 | Lair:1   | Noticed a cane toad
 12826 | Lair:1   | Noticed Joseph
 12841 | Lair:1   | Killed a cane toad
 12851 | Lair:1   | Killed Joseph
 12852 | Lair:1   | Reached skill level 10 in Fighting
 12939 | Lair:1   | Noticed a cane toad
 12946 | Lair:1   | Killed a cane toad
 12983 | Lair:1   | Noticed a cane toad
 12991 | Lair:1   | Noticed an elephant
 12993 | Lair:1   | Killed a cane toad
 12994 | Lair:1   | Reached skill level 10 in Armour
 12994 | Lair:1   | Reached XP level 11. HP: 101/101 MP: 10/10
 13946 | Lair:2   | Noticed an oklob plant
 14030 | Lair:2   | You fall into a shaft and drop 1 floor!
 14613 | Lair:3   | Reached ***** piety under Trog
 14667 | Lair:3   | Reached XP level 12. HP: 112/112 MP: 11/11
 14800 | Lair:3   | Noticed Sonja
 14808 | Lair:3   | Killed Sonja
 15114 | Lair:3   | Found a staircase to the Snake Pit.
 15327 | Lair:3   | Reached skill level 10 in Shields
 15842 | Lair:3   | Noticed a ghost crab
 15867 | Lair:3   | Killed a ghost crab
 15915 | Lair:3   | Found a staircase to the Swamp.
 16205 | Snake:1  | Entered Level 1 of the Snake Pit
 16242 | Snake:1  | Noticed an anaconda
 16320 | Snake:1  | Noticed an anaconda
 16371 | Lair:3   | Killed an anaconda
 16692 | Snake:1  | Received a gift from Trog
 16745 | Snake:1  | Noticed a naga warrior
 16765 | Snake:1  | Killed a naga warrior
 16982 | Snake:1  | Reached skill level 1 in Polearms
 17173 | Snake:1  | HP: 6/175 [shock serpent (13)]
 17174 | Snake:1  | Killed from afar by a shock serpent

Illustrated notes

Levels and vault maps discovered:
D:1:      minmay_arrival_semitransparent, layout_loops_cross, serial_rivers,
          chequers_serial_rivers_large_a, chequers_serial_rivers_small_a,
          chequers_serial_rivers_large_b, chequers_serial_rivers_micro_d,
          ebering_ecumenical_altar_mist, minmay_rat_gold_closets
D:2:      layout_rooms, serial_shops, shop, shop, shop, minmay_pentomino_w2
D:3:      layout_basic
D:4:      layout_basic, mainiacjoe_overflow_surrounded_room,
          general_overflow_altar, serial_shops, nicolae_shop_tiny_waterfront,
          glass_columns_c
D:5:      layout_rooms, minmay_temple_entry_sparse_star
D:6:      layout_basic, serial_curves, eino_curves_03, eino_curves_02
D:7:      layout_rooms, serial_shops, nicolae_shop_real_fake_doors,
          nicolae_stop_n_shop_2, nicolae_shop_tiny_waterfront,
          nicolae_diamond_shop, shop
D:8:      layout_basic, serial_shops, shop
D:9:      layout_irregular_city, enter_bailey_4
D:10:     layout_long_grid, bloody_makhleb, amcnicky_altar_gilded,
          lair_entry_dummy, orc_0_dummy, nicolae_trove_entry_path_of_doom
Temple:   mainiacjoe_temple_bowtie_tessellation
Lair:1:   lemuel_slime, layout_small_grid, serial_bayou_ford_a,
          grunt_megastairs_3, uniq_joseph
Lair:2:   layout_roguey, infiniplex_staircase_pool_2, serial_bayou_shore_b,
          serial_bayou_shore_b
Lair:3:   layout_layer_cave, nicolae_swamp_entry_spooky,
          minmay_snake_entry_spellcaster, grunt_megastairs_5, uniq_sonja
Snake:1:  hangedman_cross_stitches, layout_rooms

Skill      XL: |  1  2  3  4  5  6  7  8  9 10 11 12 |
---------------+-------------------------------------+-----
Maces & Flails | 4 5 6 7 9 11 14 | 14.0
Fighting       | 4 8 10 12 14 | 14.0
Armour         | 3 7 10 12 13 | 13.8
Shields        | 2 6 9 11 | 11.7
Polearms       | 2 |  2.5
Dodging        | |  2.4

Action                     |  1- 3 |  4- 6 |  7- 9 | 10-12 || total
---------------------------+-------+-------+-------+-------++-------
  Melee: Mace              |    91 |   116 |   265 |   597 ||  1069
         Headbutt          |     9 |    20 |    52 |   163 ||   244
         Punch             |       |     2 |     5 |       ||     7
         Trident           |       |       |       |    35 ||    35
  Throw: Boomerang         |     3 |     4 |    14 |       ||    21
 Invoke: Berserk           |       |     1 |     2 |     7 ||    10
    Use: Scroll            |     4 |     5 |     4 |       ||    13
         Potion            |     1 |     4 |     6 |       ||    11
   Stab: Sleeping          |     2 |       |       |       ||     2
 Armour: Animal skin       |    11 |       |       |       ||    11
         Leather armour    |       |    14 |       |       ||    14
         Scale mail        |       |    25 |     5 |       ||    30
         Plate armour      |       |       |   105 |   223 ||   328
  Dodge: Dodged            |    57 |    77 |    67 |   231 ||   432
  Block: Kite shield       |       |       |     2 |   287 ||   289
